AoeStats
← ravish.ratnam

African Clearing

510307332Analyzed
4v4 RM · 22h ago on Sep 30, 2026· 40m 59s· 8 players
Game mode
Random Map
Map size
Large (8 player)
Population
200
Speed
Normal
Resources
Standard
Victory
Conquest
Starting age
Dark Age
Ending age
Imperial Age
RankedLock teamsTeams togetherTeam positionsShared explorationLock speedFull tech treeHidden civsTurbo modeCheats
Victory
Defeat
🇮🇳 Mongols · India
1189
+11
🇨🇳 Teutons · China
1180
+11
🇯🇵 Britons · Japan
1151
+12
🇨🇳 Italians · China
1029
+18
🇦🇷 Berbers · Argentina
1233
-19
🇦🇷 Poles · Argentina
1107
-14
🇦🇷 Chinese · Argentina
1065
-13
🇦🇷 Vietnamese · Argentina
872
-6
diavolomagro
10:30 Loom
12:40 Feudal Age
13:13 Double-Bit Axe
17:30 Bloodlines
24:40 Scale Barding Armor
24:45 Forging
25:22 Forging
30:58 Castle Age
29:12 Horse Collar
29:24 Gold Mining
30:57 Light Cavalry
31:40 Husbandry
32:48 Fletching
39:44 Wheelbarrow
Rodro JETS
4:47 Loom
13:52 Feudal Age
15:25 Double-Bit Axe
16:48 Town Watch
21:12 Castle Age
19:31 Scale Barding Armor
19:43 Forging
19:19 Horse Collar
19:37 Gold Mining
20:36 Bloodlines
22:50 Horse Collar
25:09 Wheelbarrow
25:33 Wheelbarrow
25:37 Husbandry
26:16 Light Cavalry
29:20 Chain Barding Armor
30:07 Fletching
31:49 Hand Cart
Toxic
13:16 Feudal Age
41:15 Castle Age
[Tps] Atila
2:55 Loom
13:05 Feudal Age
15:12 Double-Bit Axe
15:27 Gold Mining
17:56 Castle Age
16:53 Stone Mining
22:01 Fletching
24:02 Padded Archer Armor
27:44 Wheelbarrow
27:45 Town Watch
34:41 Imperial Age
33:24 Hand Cart
35:22 Bodkin Arrow
35:42 Leather Archer Armor
36:04 Conscription
36:35 Ballistics
37:18 Chemistry
36:55 Pikeman
37:35 Squires
39:10 Bracer
sada-aki
9:15 Loom
12:01 Feudal Age
12:47 Double-Bit Axe
14:20 Fletching
19:11 Padded Archer Armor
28:04 Castle Age
26:48 Gold Mining
28:20 Crossbowman
29:26 Bodkin Arrow
30:10 Ballistics
30:55 Horse Collar
38:48 Yeomen
xiaoluyeah
4:06 Loom
14:38 Feudal Age
14:44 Feudal Age
19:12 Double-Bit Axe
22:02 Castle Age
19:57 Horse Collar
22:06 Town Watch
32:50 Bow Saw
37:56 Imperial Age
36:50 Wheelbarrow
37:21 Gold Mining
37:21 Stone Mining
39:34 Masonry
42:03 Architecture
ravish.ratnam
3:06 Loom
12:50 Feudal Age
15:38 Bloodlines
18:07 Scale Barding Armor
23:21 Castle Age
24:53 Light Cavalry
30:55 Double-Bit Axe
35:06 Ballistics
34:39 Fletching
34:51 Padded Archer Armor
34:57 Husbandry
36:00 Bodkin Arrow
36:20 Leather Archer Armor
38:55 Bow Saw
39:18 Horse Collar
41:07 Heavy Plow
哈基索米
7:38 Loom
14:30 Feudal Age
19:01 Castle Age
17:40 Double-Bit Axe
23:17 Bow Saw
24:47 Horse Collar
35:34 Heavy Plow
36:37 Wheelbarrow
38:54 Hand Cart
39:30 Gold Mining
39:32 Stone Mining
39:47 Town Watch
43:12 Imperial Age
Connection lost

Rejoining the realm…

Still unreachable

The connection could not be restored.

Session expired

The server has moved on; the page needs a fresh start.